[ AOE2 MATCH · #506689598 ]
UnrankedKhmer vs Goths
Player's team · LOSS
Rival team · WIN
[ REPLAY ANALYSIS · EXTRACTED FROM THE RECORDED GAME ]
Feudal
15:13
Castle
22:25
Imperial
37:12
| APM avg | 30.8 |
| APM peak | 76 |
| eAPM avg | 20.0 |
| Villagers / military | 166 / 149 |
Focus
⚔️ 22.2% · 🌾 77.8%
Scout Cavalry ×81 · Scorpion ×62 · Mangonel ×3 · Trebuchet (Packed) ×3
Feudal
14:18
Castle
23:05
Imperial
37:13
| APM avg | 28.2 |
| APM peak | 80 |
| eAPM avg | 18.6 |
| Villagers / military | 182 / 241 |
Focus
⚔️ 30.3% · 🌾 69.7%
Huskarl ×130 · Spearman ×80 · Bombard Cannon ×13 · Militia ×6 · Hand Cannoneer ×5 · Monk ×3
Match map
Initial resources + every placement click. Lines = walls · curves = elevation contours. ◆ gold · ⬟ stone · ● berries · ✦ relic · ◌ wall gap
Your base· ✓ Closed at 22:25 · 31t walls · no gate
brass14's base· ✓ Closed at 23:05 · 8t walls · no gate
Smoothed initial terrain · ◌ = detected wall gap · hover for details
Inputs per minute
— [Telo] ~ Shelo the murder - - brass14
Build order — [Telo] ~ Shelo the murder
First 150 of 388 actions detected
| 0:02 | Queue | Villager (Male) |
| 0:02 | Queue | Villager (Male) |
| 0:02 | Queue | Villager (Male) |
| 0:02 | Queue | Villager (Male) |
| 0:04 | Build | House |
| 0:43 | Research | Loom |
| 0:44 | Queue | Villager (Male) |
| 0:44 | Queue | Villager (Male) |
| 0:44 | Queue | Villager (Male) |
| 0:58 | Build | Palisade Wall |
| 2:07 | Queue | Villager (Male) |
| 2:08 | Queue | Villager (Male) |
| 2:40 | Queue | Villager (Male) |
| 2:41 | Queue | Villager (Male) |
| 3:03 | Build | House |
| 3:07 | Queue | Villager (Male) |
| 3:08 | Queue | Villager (Male) |
| 3:08 | Queue | Villager (Male) |
| 4:09 | Queue | Villager (Male) |
| 4:10 | Queue | Villager (Male) |
| 4:10 | Queue | Villager (Male) |
| 5:10 | Queue | Villager (Male) |
| 5:11 | Queue | Villager (Male) |
| 5:11 | Queue | Villager (Male) |
| 5:54 | Queue | Villager (Male) |
| 5:54 | Queue | Villager (Male) |
| 6:13 | Queue | Villager (Male) |
| 6:13 | Queue | Villager (Male) |
| 6:29 | Build | House |
| 6:55 | Queue | Villager (Male) |
| 6:55 | Queue | Villager (Male) |
| 6:56 | Queue | Villager (Male) |
| 7:06 | Queue | Villager (Male) |
| 7:07 | Queue | Villager (Male) |
| 7:07 | Queue | Villager (Male) |
| 7:07 | Queue | Villager (Male) |
| 7:22 | Build | House |
| 7:24 | Build | House |
| 8:20 | Queue | Villager (Male) |
| 8:20 | Queue | Villager (Male) |
| 8:20 | Queue | Villager (Male) |
| 8:20 | Queue | Villager (Male) |
| 8:31 | Build | Palisade Wall |
| 8:53 | Queue | Villager (Male) |
| 8:53 | Queue | Villager (Male) |
| 9:23 | Queue | Villager (Male) |
| 9:23 | Queue | Villager (Male) |
| 9:38 | Queue | Villager (Male) |
| 10:07 | Build | Mill |
| 10:30 | Build | House |
| 10:39 | Build | Farm |
| 11:05 | Build | Farm |
| 11:11 | Build | Farm |
| 11:18 | Queue | Villager (Male) |
| 11:19 | Queue | Villager (Male) |
| 11:43 | Build | Palisade Wall |
| 12:06 | Queue | Villager (Male) |
| 12:49 | Build | Lumber Camp |
| 12:52 | Research | Feudal Age |
| 14:09 | Build | Mining Camp |
| 14:38 | Queue | Villager (Male) |
| 14:38 | Queue | Villager (Male) |
| 14:38 | Queue | Villager (Male) |
| 14:45 | Build | House |
| 14:46 | Build | House |
| 14:50 | Queue | Villager (Male) |
| 15:13 | Age | Feudal Age |
| 15:15 | Build | Mill |
| 15:34 | Build | Stone Wall |
| 15:48 | Build | Stone Wall |
| 15:57 | Queue | Villager (Male) |
| 16:38 | Build | Farm |
| 17:25 | Build | Mining Camp |
| 17:31 | Queue | Villager (Male) |
| 17:31 | Queue | Villager (Male) |
| 18:41 | Research | Gold Mining |
| 18:55 | Build | Watch Tower |
| 19:06 | Queue | Villager (Male) |
| 19:45 | Research | Castle Age |
| 19:45 | Research | Castle Age |
| 20:06 | Build | House |
| 21:26 | Queue | Villager (Male) |
| 21:27 | Research | Horse Collar |
| 22:07 | Queue | Villager (Male) |
| 22:25 | Age | Castle Age |
| 22:28 | Build | Siege Workshop |
| 22:56 | Build | Castle |
| 23:15 | Queue | Villager (Male) |
| 23:19 | Build | Farm |
| 23:27 | Queue | Mangonel |
| 23:27 | Queue | Mangonel |
| 23:44 | Build | Town Center |
| 23:48 | Queue | Villager (Male) |
| 23:48 | Queue | Villager (Male) |
| 25:13 | Queue | Villager (Male) |
| 25:14 | Queue | Villager (Male) |
| 25:14 | Queue | Villager (Male) |
| 25:32 | Build | Town Center |
| 25:37 | Queue | Mangonel |
| 25:42 | Queue | Villager (Male) |
| 25:43 | Queue | Villager (Male) |
| 26:46 | Queue | Villager (Male) |
| 26:47 | Queue | Villager (Male) |
| 26:47 | Queue | Villager (Male) |
| 26:47 | Queue | Villager (Male) |
| 26:50 | Build | Farm |
| 26:52 | Build | Farm |
| 26:53 | Build | Farm |
| 26:54 | Build | Farm |
| 26:55 | Build | Farm |
| 26:56 | Build | Farm |
| 27:55 | Queue | Villager (Male) |
| 27:55 | Queue | Villager (Male) |
| 27:55 | Queue | Villager (Male) |
| 27:55 | Queue | Villager (Male) |
| 27:56 | Queue | Villager (Male) |
| 27:56 | Queue | Villager (Male) |
| 27:56 | Queue | Villager (Male) |
| 28:13 | Build | Town Center |
| 28:16 | Queue | Villager (Male) |
| 28:24 | Build | House |
| 28:27 | Build | House |
| 28:28 | Build | House |
| 28:30 | Build | House |
| 28:32 | Build | House |
| 28:34 | Build | House |
| 28:36 | Build | House |
| 28:36 | Build | House |
| 28:37 | Build | House |
| 28:38 | Build | House |
| 28:38 | Build | House |
| 28:51 | Queue | Villager (Male) |
| 28:51 | Queue | Villager (Male) |
| 28:52 | Queue | Villager (Male) |
| 28:55 | Build | Farm |
| 28:56 | Build | Farm |
| 28:58 | Build | Farm |
| 28:58 | Build | Farm |
| 29:02 | Build | Farm |
| 29:04 | Build | Farm |
| 29:06 | Build | Farm |
| 29:11 | Build | Farm |
| 29:14 | Build | Farm |
| 29:16 | Queue | Villager (Male) |
| 29:16 | Queue | Villager (Male) |
| 29:16 | Queue | Villager (Male) |
| 30:05 | Queue | Villager (Male) |
| 30:05 | Queue | Villager (Male) |
| 30:05 | Queue | Villager (Male) |
| 30:05 | Queue | Villager (Male) |
Build order — brass14
First 150 of 473 actions detected
| 0:03 | Queue | Villager (Male) |
| 0:03 | Queue | Villager (Male) |
| 0:03 | Queue | Villager (Male) |
| 0:03 | Queue | Villager (Male) |
| 0:04 | Queue | Villager (Male) |
| 0:06 | Build | House |
| 0:08 | Build | House |
| 0:19 | Research | Loom |
| 0:23 | Queue | Villager (Male) |
| 0:23 | Queue | Villager (Male) |
| 0:24 | Queue | Villager (Male) |
| 1:51 | Queue | Villager (Male) |
| 1:51 | Queue | Villager (Male) |
| 2:39 | Queue | Villager (Male) |
| 2:39 | Queue | Villager (Male) |
| 3:18 | Queue | Villager (Male) |
| 3:19 | Queue | Villager (Male) |
| 4:13 | Queue | Villager (Male) |
| 4:13 | Queue | Villager (Male) |
| 4:14 | Queue | Villager (Male) |
| 4:14 | Queue | Villager (Male) |
| 4:21 | Queue | Villager (Male) |
| 4:22 | Queue | Villager (Male) |
| 4:23 | Queue | Villager (Male) |
| 4:23 | Queue | Villager (Male) |
| 4:59 | Build | House |
| 5:09 | Queue | Villager (Male) |
| 5:09 | Queue | Villager (Male) |
| 5:17 | Build | House |
| 5:24 | Queue | Villager (Male) |
| 5:24 | Queue | Villager (Male) |
| 6:27 | Build | Palisade Wall |
| 6:28 | Build | Palisade Wall |
| 6:30 | Build | Palisade Wall |
| 6:43 | Queue | Villager (Male) |
| 6:43 | Queue | Villager (Male) |
| 7:10 | Queue | Villager (Male) |
| 7:10 | Queue | Villager (Male) |
| 7:10 | Queue | Villager (Male) |
| 7:19 | Queue | Villager (Male) |
| 7:31 | Queue | Villager (Male) |
| 8:15 | Queue | Villager (Male) |
| 8:15 | Queue | Villager (Male) |
| 8:19 | Build | Lumber Camp |
| 8:29 | Queue | Villager (Male) |
| 8:32 | Queue | Villager (Male) |
| 8:58 | Queue | Villager (Male) |
| 9:21 | Build | House |
| 9:24 | Queue | Villager (Male) |
| 9:56 | Build | House |
| 9:58 | Build | Palisade Wall |
| 10:17 | Queue | Villager (Male) |
| 10:40 | Build | Lumber Camp |
| 10:58 | Build | Mill |
| 11:26 | Queue | Villager (Male) |
| 11:40 | Build | House |
| 11:42 | Build | House |
| 11:59 | Build | House |
| 12:02 | Build | Palisade Wall |
| 12:06 | Research | Feudal Age |
| 12:49 | Build | Mill |
| 13:18 | Queue | Villager (Male) |
| 13:18 | Queue | Villager (Male) |
| 13:18 | Queue | Villager (Male) |
| 13:19 | Queue | Villager (Male) |
| 13:33 | Queue | Villager (Male) |
| 13:33 | Queue | Villager (Male) |
| 14:09 | Build | Barracks |
| 14:18 | Age | Feudal Age |
| 14:23 | Research | Double-Bit Axe |
| 14:33 | Build | House |
| 14:43 | Research | Wheelbarrow |
| 15:08 | Build | Watch Tower |
| 15:13 | Build | Palisade Wall |
| 15:16 | Build | Palisade Wall |
| 15:18 | Build | Palisade Wall |
| 15:22 | Queue | Villager (Male) |
| 15:41 | Research | Man-at-Arms (upgrade) |
| 15:45 | Queue | Villager (Male) |
| 15:47 | Queue | Villager (Male) |
| 16:16 | Queue | Villager (Male) |
| 16:20 | Build | Mining Camp |
| 17:15 | Queue | Villager (Male) |
| 17:42 | Queue | Villager (Male) |
| 17:48 | Build | Mining Camp |
| 17:54 | Queue | Militia |
| 17:55 | Queue | Militia |
| 17:55 | Queue | Militia |
| 17:55 | Queue | Militia |
| 18:01 | Build | Blacksmith |
| 18:05 | Build | Archery Range |
| 18:25 | Queue | Militia |
| 18:34 | Build | House |
| 18:39 | Queue | Militia |
| 18:50 | Research | Fletching |
| 18:52 | Research | Forging |
| 19:09 | Queue | Archer |
| 19:09 | Queue | Archer |
| 19:40 | Queue | Villager (Male) |
| 19:41 | Queue | Villager (Male) |
| 20:06 | Build | Lumber Camp |
| 20:13 | Build | House |
| 20:25 | Research | Castle Age |
| 20:25 | Research | Castle Age |
| 21:15 | Build | House |
| 21:18 | Build | House |
| 21:20 | Build | House |
| 21:30 | Build | Farm |
| 21:32 | Build | Farm |
| 21:34 | Research | Horse Collar |
| 21:36 | Build | Farm |
| 21:42 | Queue | Villager (Male) |
| 21:42 | Queue | Villager (Male) |
| 22:13 | Build | Lumber Camp |
| 22:27 | Queue | Villager (Male) |
| 22:50 | Build | Farm |
| 22:52 | Queue | Villager (Male) |
| 22:53 | Queue | Villager (Male) |
| 23:05 | Age | Castle Age |
| 23:08 | Build | Town Center |
| 23:14 | Build | Farm |
| 23:15 | Build | Farm |
| 23:25 | Build | Town Center |
| 23:37 | Build | Farm |
| 23:48 | Queue | Villager (Male) |
| 23:48 | Queue | Villager (Male) |
| 23:56 | Queue | Villager (Male) |
| 23:56 | Queue | Villager (Male) |
| 23:56 | Queue | Villager (Male) |
| 24:01 | Build | Farm |
| 24:01 | Build | Farm |
| 24:01 | Build | Farm |
| 24:02 | Build | Farm |
| 24:17 | Build | Farm |
| 24:24 | Queue | Villager (Male) |
| 24:24 | Queue | Villager (Male) |
| 24:27 | Build | Farm |
| 24:27 | Build | Farm |
| 24:28 | Build | Farm |
| 24:30 | Queue | Villager (Male) |
| 24:37 | Build | Farm |
| 24:42 | Queue | Villager (Male) |
| 24:42 | Queue | Villager (Male) |
| 24:46 | Build | Farm |
| 24:47 | Build | Farm |
| 24:56 | Build | Farm |
| 25:00 | Build | Farm |
| 25:01 | Build | Farm |
| 25:01 | Build | Farm |
| 25:03 | Queue | Villager (Male) |
Match timeline
| 0:58 | [Telo] ~ Shelo the murder · wall_segment Palisade Wall x7 |
| 6:27 | brass14 · wall_segment Palisade Wall x1 |
| 6:28 | brass14 · wall_segment Palisade Wall x1 |
| 6:30 | brass14 · wall_segment Palisade Wall x1 |
| 8:31 | [Telo] ~ Shelo the murder · wall_segment Palisade Wall x1 |
| 9:58 | brass14 · wall_segment Palisade Wall x1 |
| 11:43 | [Telo] ~ Shelo the murder · wall_segment Palisade Wall x7 |
| 12:02 | brass14 · wall_segment Palisade Wall x1 |
| 14:09 | brass14 · first_building Barracks |
| 14:18 | brass14 · age_up feudal |
| 15:13 | brass14 · wall_segment Palisade Wall x1 |
| 15:13 | [Telo] ~ Shelo the murder · age_up feudal |
| 15:16 | brass14 · wall_segment Palisade Wall x1 |
| 15:18 | brass14 · wall_segment Palisade Wall x1 |
| 15:34 | [Telo] ~ Shelo the murder · wall_segment Stone Wall x10 |
| 15:48 | [Telo] ~ Shelo the murder · wall_segment Stone Wall x7 |
| 18:05 | brass14 · first_building Archery Range |
| 22:25 | [Telo] ~ Shelo the murder · age_up castle |
| 22:28 | [Telo] ~ Shelo the murder · first_building Siege Workshop |
| 22:56 | [Telo] ~ Shelo the murder · first_building Castle |
| 23:05 | brass14 · age_up castle |
| 29:16 | brass14 · first_building Siege Workshop |
| 33:06 | brass14 · first_market_sell 100 food |
| 33:15 | brass14 · first_building Monastery |
| 34:12 | brass14 · first_building Castle |
| 37:12 | [Telo] ~ Shelo the murder · age_up imperial |
| 37:13 | brass14 · age_up imperial |
| 40:30 | [Telo] ~ Shelo the murder · first_building Stable |
| 42:11 | [Telo] ~ Shelo the murder · wall_segment Stone Wall x7 |
| 42:39 | [Telo] ~ Shelo the murder · wall_segment Stone Wall x9 |
| 43:42 | [Telo] ~ Shelo the murder · first_market_sell 100 food |
| 44:31 | [Telo] ~ Shelo the murder · wall_segment Stone Wall x6 |
| 48:41 | [Telo] ~ Shelo the murder · resign |
[ AI ANALYSIS · 1 CREDIT ]
What really happened in this match?
Wolo.gg analyzes every decision: build order, eco, micro, common mistakes by bracket. Personalized analysis on WhatsApp or Discord in 30 seconds.
Civ guide
Khmer
Perfil
Jugador #3492172